 Dungeon Crawl Stone Soup version 0.30-a0-263-ge22c4ad894 (webtiles) character file.

Game seed: 16286945427115470677

364316 KennySheep the Shatterer (level 22, -7/247 HPs)
             Began as an Ogre Gladiator on Oct 12, 2022.
             Was the Champion of Wu Jian.
             Killed from afar by a fire giant (18 damage)
             ... with a fireball
             ... on level 2 of the Depths on Oct 13, 2022.
             The game lasted 03:39:57 (54999 turns).

KennySheep the Shatterer (Ogre Gladiator)          Turns: 54999, Time: 03:39:58

Health: -7/247     AC: 29    Str: 32    XL:     22   Next: 51%
Magic:  0/26       EV: 11    Int:  9    God:    Wu Jian [******]
Gold:   3178       SH:  0    Dex: 10    Spells: 26/26 levels left

rFire   . . .      SeeInvis +    a - +3 giant spiked club (spect)
rCold   . . .      Faith    .    (shield currently unavailable)
rNeg    + . .      Spirit   +    y - +10 pearl dragon scales
rPois   .          Reflect  .    H - +2 hat
rElec   +          Harm     .    W - scarf {repulsion}
rCorr   +          Rampage  .    (gloves unavailable)
Will    +++..                    (boots unavailable)
Stlth   ..........               f - amulet of guardian spirit
HPRegen 0.61/turn                N - ring "Meirphomp" {rElec Will+ rCorr Stlth-}
MPRegen 0.20/turn                i - ring of see invisible

@: repel missiles
A: large, unfitting armour, tough skin 1, sturdy frame 1
}: 2/15 runes: decaying, serpentine
a: Renounce Religion, Wall Jump, Serpent's Lash, Heavenly Storm


You were on level 2 of the Depths.
You worshipped Wu Jian.
Wu Jian was exalted by your worship.
You visited 9 branches of the dungeon, and saw 40 of its levels.
You also visited: Sewer and Ice Cave.

You collected 5459 gold pieces.
You spent 2281 gold pieces at shops.

Inventory:

Hand Weapons
 a - a +3 spectral giant spiked club (weapon)
 b - a +9 vampiric lajatang
 v - a +3 giant spiked club of protection
Missiles
 e - 32 large rocks (quivered)
 g - a throwing net
 j - 8 atropa-tipped darts
 l - 376 stones
 A - 13 curare-tipped darts
 L - 10 datura-tipped darts
Armour
 y - +10 pearl dragon scales (worn)
 H - a +2 hat (worn)
 W - a scarf of repulsion (worn)
 Y - +2 ice dragon scales
Jewellery
 c - the ring "Kisyptef" {Wiz rC+}
   (You found it on level 2 of the Depths)

   [ring of wizardry]

   It improves your spell success rate.
   rC:        It protects you from cold.
 f - an amulet of guardian spirit (around neck)
 i - a ring of see invisible (right hand)
 k - a ring of poison resistance
 t - the ring of Budakir {Wiz rN+ Str+8 Int+3}
   (You found it in an ice cave)

   [ring of wizardry]

   It improves your spell success rate.
   Str:       It affects your strength (+8).
   Int:       It affects your intelligence (+3).
   rN:        It protects you from negative energy.
 C - a ring of willpower
 K - a ring of positive energy
 N - the ring "Meirphomp" (left hand) {rElec Will+ rCorr Stlth-}
   (You bought it in a shop on level 1 of the Snake Pit)

   [ring of resist corrosion]

   rElec:     It insulates you from electricity.
   rCorr:     It protects you from acid and corrosion.
   Will:      It increases your willpower.
   Stlth:     It makes you less stealthy.
 V - a ring of protection from cold
 X - a +6 ring of strength
 Z - a ring of protection from fire
Wands
 E - a wand of digging (3)
 M - a wand of roots (28)
 P - a wand of light (22)
Scrolls
 n - 2 scrolls of blinking
 o - 11 scrolls of amnesia
 p - 5 scrolls of fear
 s - 5 scrolls of fog
 u - 4 scrolls of poison
 w - a scroll of summoning
 D - 13 scrolls of teleportation
 R - a scroll of silence
 S - 2 scrolls of enchant armour
 U - a scroll of magic mapping
Potions
 d - 11 potions of heal wounds
 h - 9 potions of brilliance
 m - 5 potions of flight
 q - 3 potions of cancellation
 r - a potion of resistance
 x - 3 potions of berserk rage
 z - 8 potions of haste
 B - 22 potions of curing
 G - 6 potions of mutation
 I - 3 potions of invisibility
 J - 2 potions of might
 O - 4 potions of magic
 Q - 4 potions of ambrosia
Miscellaneous
 F - a phantom mirror


   Skills:
 * Level 19.8 Fighting
 + Level 22.1(23.3) Maces & Flails
 - Level 14.0(20.5) Staves
 * Level 17.1 Throwing
 * Level 13.8 Armour
 * Level 9.5 Dodging
 + Level 2.9 Spellcasting


You had 26 spell levels left.
You didn't know any spells.
Your spell library contained the following spells:

 Spells                   Type           Power      Damage    Failure   Level
 Beastly Appendage        Tmut           2%         N/A       43%         1
 Foxfire                  Conj/Fire      4%         2x1d4     43%         1
 Freeze                   Ice            4%         1d3       43%         1
 Slow                     Hex            4%         N/A       43%         1
 Summon Small Mammal      Summ           4%         N/A       43%         1
 Blink                    Tloc           2%         N/A       56%         2
 Cigotuvi's Dreadful Rot  Necr/Pois/Air  2%         N/A       56%         2
 Momentum Strike          Conj/Tloc      2%         3d8       56%         2
 Sublimation of Blood     Necr           1%         N/A       56%         2
 Wereblood                Tmut           1%         N/A       56%         2
 Call Canine Familiar     Summ           1%         N/A       80%         3
 Confusing Touch          Hex            1%         N/A       80%         3
 Frozen Ramparts          Ice            2%         1d1       80%         3
 Hailstorm                Conj/Ice       1%         3d3       80%         3
 Lesser Beckoning         Tloc           2%         N/A       80%         3
 Spider Form              Tmut/Pois      1%         N/A       80%         3
 Summon Guardian Golem    Hex/Summ       1%         N/A       80%         3
 Vampiric Draining        Necr           1%         2d6       80%         3
 Airstrike                Air            0%         2d(1-17)  99%         4
 Animate Dead             Necr           1%         N/A       99%         4
 Dispel Undead            Necr           1%         3d6       99%         4
 Ice Form                 Ice/Tmut       1%         N/A       99%         4
 Leda's Liquefaction      Hex/Erth       0%         N/A       99%         4
 Sticky Flame             Conj/Fire      1%         2d3       99%         4
 Summon Ice Beast         Ice/Summ       1%         N/A       99%         4
 Summon Lightning Spire   Summ/Air       1%         N/A       99%         4
 Borgnjor's Vile Clutch   Necr/Erth      0%         N/A       100%        5
 Fireball                 Conj/Fire      0%         3d3       100%        5
 Iskenderun's Battlesphe  Conj           1%         2d6       100%        5
 Lee's Rapid Deconstruct  Erth           0%         3d5*      100%        5
 Lightning Bolt           Conj/Air       0%         1d11      100%        5
 Summon Forest            Summ/Tloc      0%         N/A       100%        5
 Summon Mana Viper        Hex/Summ       1%         N/A       100%        5
 Yara's Violent Unravell  Hex/Tmut       0%         3d3       100%        5
 Conjure Ball Lightning   Conj/Air       0%         3x3d6     100%        6
 Death Channel            Necr           0%         N/A       100%        6
 Simulacrum               Ice/Necr       0%         N/A       100%        6
 Starburst                Conj/Fire      0%         6d3       100%        6
 Statue Form              Tmut/Erth      0%         N/A       100%        6
 Summon Cactus Giant      Summ           0%         N/A       100%        6
 Enfeeble                 Hex            0%         N/A       100%        7
 Malign Gateway           Summ/Tloc      0%         N/A       100%        7
 Monstrous Menagerie      Summ           0%         N/A       100%        7
 Orb of Destruction       Conj           0%         9d5       100%        7
 Summon Hydra             Summ           0%         N/A       100%        7
 Maxwell's Capacitive Co  Air            0%         ∞         100%        8
 Summon Horrible Things   Summ           0%         N/A       100%        8


Dungeon Overview and Level Annotations

Branches:
Dungeon (15/15)            Temple (0/1) D:7            Lair (5/5) D:11
  Swamp (4/4) Lair:2        Snake (4/4) Lair:2        Slime (0/5) Lair:5
    Orc (2/2) D:12            Elf (3/3) Orc:2        Vaults (2/5) D:14
  Crypt (3/3) Vaults:2     Depths (2/4) D:15          Sewer (visited)
  IceCv (visited)
   Tomb: Crypt:3

Altars:
Ashenzari
Cheibriados
Dithmenos
Fedhas
Gozag
Kikubaaqudgha
Makhleb
Nemelex Xobeh
Okawaru
Qazlal
Ru
Trog
Uskayaw
Wu Jian
Xom
Yredelemnul
Zin
Jiyva

Shops:
D:2 [   D:6 [   D:7 *   Orc:2 !!![   Elf:2 =   Elf:3 *   Snake:1 *==:
Depths:1 !(*

Portals:
Hell: Depths:1 Depths:2
Abyss: Depths:2
Pandemonium: Depths:2
Ziggurat: Depths:2
Trove: Vaults:2 (give +6 ice dragon scales)

Annotations:
D:14 3 runed translucent doors, Ikeula's ghost, journeyman GnBr
Lair:5 1 runed translucent door
Swamp:1 Deodd's ghost, adept GrFi
Swamp:3 2 transporters, drewk1942's ghost, journeyman DrRe
Snake:3 2 transporters, Mimusiah's ghost, adept HOFi
Elf:1 6 runed translucent doors
Elf:2 3 runed translucent doors
Elf:3 2 exclusions
Vaults:1 Zenata
Crypt:1 1 runed door
Crypt:3 Vv


Innate Abilities, Weirdness & Mutations

You are too large for most types of armour.
You have tough skin. (AC +1)
Your movements are slightly less encumbered by armour. (ER -2)


Message History

The vampire knight hits you with a +2 great mace!!
The vampire knight bites you but does no damage.
The stone giant closely misses you.
You impale the vampire knight!!
You destroy the vampire knight!
The Council accepts your kill.
You hit the stone giant but do no damage.
Your +3 spectral giant spiked club hits the stone giant!!
The lich gestures wildly while chanting.
The lich flickers and vanishes for a moment.
You stick the stone giant like a pincushion!!!
The stone giant is almost dead.
Your +3 spectral giant spiked club hits the stone giant!!
You kill the stone giant!
The Council accepts your kill.
You hear a shout!
Something bites your +3 spectral giant spiked club!
Your spectral weapon shares its damage with you!
* * * LOW HITPOINT WARNING * * *
Something claws your +3 spectral giant spiked club.
Your spectral weapon shares its damage with you!
* * * LOW HITPOINT WARNING * * *
Something tramples your +3 spectral giant spiked club!
Your spectral weapon shares its damage with you!
Your +3 spectral giant spiked club is shoved backwards!
Your +3 spectral giant spiked club fades away.
* * * LOW HITPOINT WARNING * * *
The frost giant gestures at you while chanting.
The bolt of cold hits the ice dragon.
The ice dragon resists.
The bolt of cold hits you!!!
* * * LOW HITPOINT WARNING * * *
As you read the scroll of fear, it crumbles to dust.
You assume a fearsome visage.
The fire giant easily resists.
The ice dragon looks frightened!
The lich is unaffected.
The frost giant looks frightened!
The lich gestures wildly while chanting.
The lich seems to speed up.
The fire giant points at you and mumbles some strange words.
The fireball explodes!
The fireball engulfs you!!
You die...

.#
#.#.....'.)..'.#....####.#
##
#.#.....#....#.#....)....#
#####'###....#.#....####.#
#...!####'#####...####.###
#######.....# #...........
#.....# #...####.###
+..#⌠.+.#...# #.#
#.......#...####.###
#§)@...!#........... #
##(######..##...#### #
###+###.DCD# #....#..^.# #
#.....#LC..# #.........# #
#.....'....' #..######## #
+..#..#....#.#..#### #####
#...⌠.###'####.....# #...#
#.....# ...#.....###
##'#####'#########.#..##


You could see a frost giant (fleeing), a fire giant, an ice dragon (fleeing) and
a lich (fast, invisible).

Vanquished Creatures
  A juggernaut (Depths:2)
  Boris (twice) (Crypt:1 Crypt:3)
  Saint Roka (Depths:1)
  2 caustic shrikes
  2 golden dragons (Depths:2)
  Jory (Crypt:3)
  A tentacled monstrosity (Depths:1)
  2 liches
  2 sphinxes
  4 ancient champions
  A thorn hunter (Swamp:4)
  3 revenants
  A storm dragon (Depths:1)
  2 tengu reavers
  2 shadow dragons (Depths:2)
  5 nagarajas (Snake:4)
  6 fire giants
  5 vault wardens
  A deep elf sorcerer (Elf:2)
  2 frost giants
  Aizul (Snake:1)
  A balrug (Depths:2)
  A draconian knight (IceCv)
  An iron dragon (Depths:2)
  An orc warlord (Vaults:1)
  6 ghouls
  6 stone giants
  A reaper (Depths:2)
  5 curse skulls
  A spriggan defender (Depths:2)
  3 ironbound preservers
  An ironbound thunderhulk (Vaults:1)
  A caustic shrike skeleton (Crypt:2)
  6 very ugly things
  6 vampire knights
  8 dire elephants
  2 deep elf demonologists (Elf:1)
  2 eleionomae
  3 white draconians (IceCv)
  5 bunyips
  6 eidola
  2 ettins (Depths:2)
  4 deep elf death magi
  A quicksilver dragon zombie (Crypt:1)
  2 jiangshi (Crypt:3)
  An entropy weaver (Vaults:1)
  A deep elf high priest (Elf:1)
  4 spriggan zombies
  4 yaktaur captains
  4 fire dragons
  2 great orbs of eyes
  Fannar (D:10)
  A fenstrider witch zombie (Crypt:3)
  A quicksilver dragon skeleton (Crypt:2)
  20 hydras
  A peacekeeper (Vaults:2)
  2 ironbound frosthearts
  7 vault guards
  3 ogre magi
  3 rakshasas
  4 ice dragons
  3 salamander tyrants
  A spriggan skeleton (Crypt:1)
  2 ghost crabs (Swamp:3)
  A spriggan air mage (Depths:1)
  8 alligators
  2 catoblepae
  5 boulder beetles
  14 anacondas
  8 centaur warriors
  5 death knights
  7 tengu warriors
  A titan zombie (Crypt:1)
  14 dancing weapons
  6 deep troll shamans
  6 death yaks (Lair:5)
  6 two-headed ogres
  4 spriggan berserkers
  The ghost of Darkkill the Skirmisher, a novice HuHu of Nemelex Xobeh (D:8)
  12 naga warriors
  5 deep troll earth magi
  4 orc high priests
  2 vampire magi
  23 naga sharpshooters
  9 shock serpents
  Sonja (Orc:1)
  2 hell knights
  9 soul eaters
  4 iron trolls (Depths:2)
  29 skeletal warriors
  11 deep elf knights
  8 spriggans
  Lodul (D:10)
  5 salamander mystics
  7 swamp dragons
  5 spriggan druids
  7 goliath frogs
  4 flayed ghosts
  3 glowing orange brains
  7 naga ritualists
  13 deep trolls
  An orange crystal statue (IceCv)
  3 wizards
  15 deep elf archers
  3 bog bodies
  5 lindwurms
  An iron dragon zombie (Depths:2)
  4 phantasmal warriors
  10 orc sorcerers
  7 ironbound convokers
  8 necromancers
  15 deep elf zephyrmancers
  A wolf spider (D:15)
  A stone giant zombie (Vaults:1)
  12 mana vipers
  8 manticores
  5 cyclopes
  31 deep elf pyromancers
  13 ugly things
  5 orc knights
  An oklob plant (Lair:5)
  18 salamanders
  3 will-o-the-wisps
  An iron dragon skeleton (Depths:2)
  A moth of wrath (D:8)
  A black mamba (shapeshifter) (D:15)
  3 centaur zombies
  48 black mambas
  9 elephants (Lair:5)
  11 naga magi
  5 guardian serpents
  A dire elephant zombie (Crypt:1)
  An elf skeleton (Vaults:1)
  A shock serpent zombie (Crypt:1)
  2 torpor snails (Lair:5)
  3 vault sentinels (Vaults:2)
  6 storm dragon simulacra (IceCv)
  An elephant slug zombie (Crypt:1)
  A centaur skeleton (Crypt:2)
  An unseen horror (D:13)
  2 gargoyles
  11 cane toads
  2 naga skeletons (Crypt:2)
  2 demonic crawlers (D:15)
  A black draconian zombie (Crypt:2)
  A dire elephant skeleton (Crypt:2)
  2 kobold demonologists (D:11)
  8 yaktaurs (Vaults:1)
  A spark wasp simulacrum (Depths:2)
  A white draconian zombie (Crypt:3)
  7 komodo dragons
  A bunyip simulacrum (Swamp:1)
  4 rime drakes
  A human zombie (Vaults:1)
  7 freezing wraiths
  A harpy zombie (Crypt:2)
  4 tengu conjurers
  A golden dragon simulacrum (IceCv)
  6 meliai
  A meliai (shapeshifter) (D:13)
  9 trolls
  7 tyrant leeches
  7 hornets
  4 polar bears
  5 blink frogs (Lair:5)
  A satyr zombie (Crypt:2)
  A culicivora zombie (Crypt:1)
  8 slime creatures
  3 harpy skeletons
  An iron dragon simulacrum (Crypt:2)
  9 dream sheep
  2 air elementals (Elf:2)
  Sigmund (D:4)
  5 flying skulls (Crypt:1)
  2 shadows
  52 yaks
  3 wyverns
  2 water elementals
  3 fire elementals
  A vampire (D:14)
  14 wraiths
  2 black mamba skeletons
  A human (shapeshifter) (Elf:3)
  A yak (shapeshifter) (Depths:2)
  2 basilisks
  2 fire bat zombies (Crypt:2)
  5 vampire mosquitoes
  11 wargs
  7 swamp worms
  49 nagas
  13 water moccasins
  A water nymph skeleton (Crypt:2)
  6 swamp drakes
  24 orc warriors
  3 ice beasts
  3 sky beasts
  A hornet zombie (Crypt:1)
  Pargi (Sewer)
  4 black bears
  4 ice dragon simulacra (IceCv)
  22 ogres
  A boggart (Vaults:1)
  5 wolves (Lair:5)
  10 centaurs
  3 kobold brigands
  10 bullfrogs
  2 gnoll sergeants
  A glowing shapeshifter simulacrum (Depths:2)
  8 necrophages
  A wyvern zombie (Crypt:3)
  4 scorpions
  An earth elemental (Elf:1)
  A cyclops skeleton (Crypt:3)
  13 wights (D:7)
  12 killer bees
  7 lindwurm simulacra (IceCv)
  A raiju skeleton (Crypt:2)
  4 howler monkeys
  5 electric eels
  A crimson imp (D:8)
  A gnoll bouda (D:5)
  A jelly (D:6)
  A hound (D:4)
  21 orc priests
  2 iguanas
  44 orc wizards
  7 hell rats (Lair:2)
  A boggart skeleton (Crypt:1)
  12 gnolls
  10 adders
  A shadow imp (D:5)
  2 ufetubi
  An iguana skeleton (Crypt:3)
  2 worms (D:2)
  A dart slug (D:5)
  124 orcs
  6 ball pythons
  4 bats
  6 endoplasms
  2 giant cockroaches
  8 goblins
  4 hobgoblins
  3 jackals (D:5)
  4 quokkas
  4 frilled lizards
  2 gnoll skeletons
  14 kobolds
  A kobold skeleton (Crypt:2)
  5 rats
  3 briar patches (Swamp:4)
1465 creatures vanquished.

Vanquished Creatures (collateral kills)
  An iron dragon (Depths:1)
  A very ugly thing (D:14)
  2 white draconians (IceCv)
  A flayed ghost (Depths:1)
  2 storm dragon simulacra (IceCv)
  A freezing wraith (D:14)
  A golden dragon simulacrum (IceCv)
9 creatures vanquished.

Vanquished Creatures (others)
  An ettin (Depths:1)
  A deep elf archer (Elf:1)
  3 bloated husks (Swamp:1)
  An air elemental (Elf:1)
  2 vampire mosquitoes (Swamp:1)
  A naga (Snake:1)
  A swamp drake (Swamp:4)
  2 orc wizards (Orc:2)
  An orc (Orc:2)
  A briar patch (Swamp:4)
  A bush (Lair:5)
  10 foxfires
  20 fungi
  16 plants
61 creatures vanquished.

Grand Total: 1535 creatures vanquished

Notes
Turn   | Place    | Note
-------+----------+-------------------------------------------
     0 | D:1      | KennySheep the Ogre Gladiator began the quest for the Orb.
     0 | D:1      | Reached XP level 1. HP: 22/22 MP: 1/1
   193 | D:1      | Reached XP level 2. HP: 29/29 MP: 2/2
   498 | D:1      | Reached skill level 3 in Maces & Flails
   835 | D:2      | Reached XP level 3. HP: 36/37 MP: 3/3
  1061 | D:2      | Found Cuwilo's Antique Armour Emporium.
  1169 | D:2      | Identified a scroll of acquirement
  1170 | D:2      | Acquired a +4 vampiric lajatang
  1700 | D:3      | Found a glowing drain.
  1711 | Sewer    | Entered a sewer
  1728 | Sewer    | Reached XP level 4. HP: 45/45 MP: 4/4
  1747 | Sewer    | Noticed a kobold brigand
  1752 | Sewer    | Killed a kobold brigand
  1753 | Sewer    | Reached skill level 1 in Staves
  1753 | Sewer    | Reached XP level 5. HP: 41/54 MP: 5/5
  1810 | Sewer    | Noticed Pargi
  1816 | Sewer    | Killed Pargi
  2010 | D:3      | Reached XP level 6. HP: 62/62 MP: 6/6
  2231 | D:3      | Found an ornate altar of the Wu Jian Council.
  2240 | D:3      | Became a worshipper of the Wu Jian Council
  2448 | D:3      | Found a bloodstained altar of Trog.
  2841 | D:4      | Reached XP level 7. HP: 71/71 MP: 7/7
  2871 | D:4      | Reached skill level 5 in Fighting
  2967 | D:4      | Noticed Sigmund
  2984 | D:4      | Killed Sigmund
  3200 | D:4      | Reached * piety under Wu Jian
  3213 | D:4      | Reached XP level 8. HP: 81/83 MP: 6/8
  3390 | D:5      | Entered Level 5 of the Dungeon
  3435 | D:5      | Found a glowing silver altar of Zin.
  3470 | D:5      | Found a hide-covered altar of Uskayaw.
  3524 | D:5      | Reached skill level 5 in Staves
  3527 | D:5      | Reached skill level 1 in Armour
  3673 | D:5      | Found a sparkling altar of Nemelex Xobeh.
  3913 | D:6      | Found a shimmering altar of Xom.
  3966 | D:6      | Found Dynapt's Armour Shoppe.
  4029 | D:6      | Identified the +5 ring mail of Qotimed {Harm rElec}
  4055 | D:6      | Reached skill level 5 in Throwing
  4181 | D:6      | Reached XP level 9. HP: 92/92 MP: 9/9
  4293 | D:6      | Reached ** piety under Wu Jian
  5113 | D:7      | Found a staircase to the Ecumenical Temple.
  5319 | D:7      | Found Hekoi's Mayhem Merchandise.
  5517 | D:7      | Reached skill level 5 in Armour
  5553 | D:7      | Reached XP level 10. HP: 85/103 MP: 8/10
  5627 | D:7      | Found a sacrificial altar of Ru.
  5899 | D:8      | Found a transporter.
  5909 | D:8      | Noticed a moth of wrath
  5909 | D:8      | Noticed Darkkill's ghost (novice HuHu)
  5921 | D:8      | Found a transporter.
  5946 | D:8      | Found a snail-covered altar of Cheibriados.
  5994 | D:8      | Reached *** piety under Wu Jian
  6181 | D:8      | Found an opulent altar of Gozag.
  6254 | D:8      | Found a stormy altar of Qazlal.
  6305 | D:8      | Found an ancient bone altar of Kikubaaqudgha.
  6364 | D:8      | Found a burning altar of Makhleb.
  6484 | D:9      | Noticed a gargoyle
  6484 | D:9      | You are sucked into a shaft and drop 3 floors!
  6833 | D:10     | Entered Level 10 of the Dungeon
  6833 | D:10     | Noticed Fannar
  6839 | D:10     | Killed Fannar
  6976 | D:10     | Reached **** piety under Wu Jian
  6977 | D:10     | Reached XP level 11. HP: 104/115 MP: 9/11
  7032 | D:10     | Noticed a deep elf pyromancer
  7035 | D:10     | Killed a deep elf pyromancer
  7083 | D:10     | Noticed Lodul
  7096 | D:10     | Killed Lodul
  7097 | D:10     | Reached skill level 10 in Staves
  7255 | D:9      | Identified the +9 longbow "Killer Klown's Bane" {venom,
                  | Drain rPois Dex+4}
  8413 | D:10     | Reached skill level 10 in Fighting
  8443 | D:10     | Found a basalt altar of Yredelemnul.
  8596 | D:11     | Noticed a cyclops
  8601 | D:11     | Killed a cyclops
  8830 | D:11     | Found an opulent altar of Gozag.
  9010 | D:11     | Found a staircase to the Lair.
  9030 | D:11     | Noticed a sixfirhy
  9309 | D:11     | Noticed a cyclops
  9314 | D:11     | Killed a cyclops
  9522 | D:12     | Noticed a cyclops
  9525 | D:12     | Killed a cyclops
  9526 | D:12     | Reached XP level 12. HP: 128/128 MP: 12/12
  9669 | D:12     | Reached ***** piety under Wu Jian
  9688 | D:12     | Found a staircase to the Orcish Mines.
  9700 | D:12     | Noticed a boulder beetle
  9717 | D:12     | Killed a boulder beetle
 10593 | D:13     | Noticed a centaur warrior
 10595 | D:13     | Killed a centaur warrior
 10899 | D:13     | Noticed a centaur warrior
 10907 | D:13     | Killed a centaur warrior
 10950 | D:13     | Noticed a two-headed ogre
 11166 | Lair:1   | Entered Level 1 of the Lair of Beasts
 12074 | Lair:2   | Found an iron altar of Okawaru.
 12174 | Lair:2   | Reached XP level 13. HP: 102/140 MP: 8/13
 12493 | Lair:2   | Found a staircase to the Snake Pit.
 12711 | Lair:2   | Found a staircase to the Swamp.
 13882 | Lair:4   | Found a broken altar of Ashenzari.
 13915 | Lair:4   | Reached skill level 10 in Throwing
 14218 | Lair:4   | Reached ****** piety under Wu Jian
 14536 | Lair:5   | Entered Level 5 of the Lair of Beasts
 15079 | Lair:5   | Reached skill level 10 in Armour
 15128 | Lair:5   | Reached XP level 14. HP: 156/156 MP: 14/14
 15198 | Lair:5   | Found a runed translucent door.
 15199 | Lair:5   | Found a viscous altar of Jiyva.
 15199 | Lair:5   | Found a staircase to the Slime Pits.
 15199 | Lair:5   | Noticed an azure jelly
 15199 | Lair:5   | Noticed an azure jelly
 15201 | Lair:5   | Noticed an azure jelly
 15910 | Lair:5   | Reached skill level 4 in Maces & Flails
 16222 | Orc:1    | Entered Level 1 of the Orcish Mines
 16241 | Orc:1    | Reached skill level 5 in Maces & Flails
 16289 | D:12     | Reached skill level 15 in Fighting
 16602 | Orc:1    | Noticed Sonja
 16603 | Orc:1    | Killed Sonja
 16892 | Orc:2    | Entered Level 2 of the Orcish Mines
 17113 | Orc:2    | Found a staircase to the Elven Halls.
 17247 | Orc:2    | Paralysed by an orc sorcerer for 3 turns
 17343 | Orc:2    | Reached skill level 6 in Maces & Flails
 17357 | Orc:2    | Found Juilioxi's Antique Armour Boutique.
 17388 | Orc:2    | Found Ynucayri's Distillery.
 17478 | Orc:2    | Found Nyilepn's Distillery.
 17478 | Orc:2    | Found Xeosuixiky's Distillery.
 17527 | Orc:2    | Bought a potion of flight for 36 gold pieces
 17528 | Orc:2    | Gained mutation: Your movements are slightly less
                  | encumbered by armour. (ER -2) [potion of mutation]
 18301 | Orc:2    | Bought a potion of haste for 150 gold pieces
 18301 | Orc:2    | Bought a potion of haste for 150 gold pieces
 18310 | Orc:2    | Bought a potion of invisibility for 96 gold pieces
 18342 | Orc:2    | Bought a potion of heal wounds for 70 gold pieces
 18342 | Orc:2    | Bought a potion of might for 56 gold pieces
 18342 | Orc:2    | Bought 2 potions of curing for 84 gold pieces
 18342 | Orc:2    | Bought 2 potions of curing for 84 gold pieces
 18381 | Orc:2    | Bought 2 potions of curing for 90 gold pieces
 18381 | Orc:2    | Bought 2 potions of curing for 90 gold pieces
 18475 | D:13     | Reached XP level 15. HP: 160/167 MP: 12/15
 19060 | D:13     | Reached skill level 7 in Maces & Flails
 19256 | Elf:1    | Entered Level 1 of the Elven Halls
 19872 | D:14     | Noticed Ikeula's ghost (journeyman GnBr)
 19882 | D:14     | Found a runed translucent gate.
 19882 | D:14     | Found a runed translucent gate.
 19882 | D:14     | Found a runed translucent gate.
 20135 | D:14     | Found a frozen archway.
 20184 | IceCv    | Entered an ice cave
 20617 | IceCv    | Reached skill level 8 in Maces & Flails
 21787 | IceCv    | Noticed a white draconian knight
 21797 | IceCv    | Killed a white draconian knight
 21804 | IceCv    | Identified the +3 helmet "Foamo" {rF+}
 21880 | IceCv    | Identified the ring of Budakir {Wiz rN+ Str+8 Int+3}
 22104 | D:14     | Found a gate to the Vaults.
 22318 | D:14     | Reached skill level 9 in Maces & Flails
 23124 | D:15     | Entered Level 15 of the Dungeon
 23186 | D:15     | Reached XP level 16. HP: 171/180 MP: 13/16
 23536 | D:15     | Found a blossoming altar of Fedhas.
 23768 | D:15     | Found a staircase to the Depths.
 23966 | D:15     | Reached skill level 10 in Maces & Flails
 23973 | D:15     | Reached skill level 5 in Dodging
 24306 | Swamp:1  | Entered Level 1 of the Swamp
 24760 | Swamp:1  | Found a transporter.
 24763 | Swamp:1  | Noticed Deodd's ghost (adept GrFi)
 25090 | Swamp:1  | Found a transporter.
 26015 | Swamp:3  | Found a transporter.
 26015 | Swamp:3  | Noticed a thorn hunter
 26028 | Swamp:3  | Noticed drewk1942's ghost (journeyman DrRe)
 26028 | Swamp:3  | Noticed a thorn hunter
 26029 | Swamp:3  | Noticed a tentacled monstrosity
 26029 | Swamp:3  | Noticed a tentacled monstrosity
 26029 | Swamp:3  | Found a transporter.
 27176 | Swamp:4  | Entered Level 4 of the Swamp
 27278 | Snake:1  | Entered Level 1 of the Snake Pit
 27369 | Snake:1  | Reached XP level 17. HP: 192/192 MP: 17/17
 27444 | Snake:1  | Found a shadowy altar of Dithmenos.
 28154 | Snake:1  | Found Wubyog's Assorted Antiques.
 28506 | Snake:1  | Found Wesehy's Jewellery Emporium.
 28507 | Snake:1  | Found Awobbeaz's Book Boutique.
 28508 | Snake:1  | Found Libiad's Jewellery Emporium.
 28522 | Snake:1  | Bought the ring "Meirphomp" {rElec Will+ rCorr Stlth-} for
                  | 534 gold pieces
 28725 | Snake:1  | Identified the +9 war axe "Tuasm" {vorpal, rElec rC+ Will+
                  | rCorr}
 28999 | Snake:1  | Identified the +0 pair of boots "Feusis" {rN+}
 29297 | Snake:2  | Noticed Aizul
 29314 | Snake:1  | Killed Aizul
 29519 | Snake:2  | Reached skill level 11 in Maces & Flails
 29582 | Snake:2  | Reached skill level 15 in Throwing
 31954 | Snake:3  | Reached XP level 18. HP: 138/205 MP: 11/18
 32327 | Snake:3  | Found a transporter.
 32332 | Snake:3  | Found a bloodstained altar of Trog.
 32333 | Snake:3  | Noticed Mimusiah's ghost (adept HOFi)
 32386 | Snake:3  | Found a transporter.
 32890 | Snake:4  | Entered Level 4 of the Snake Pit
 32912 | Snake:3  | Upgraded the game from 0.30-a0-250-g41c1d76940 to
                  | 0.30-a0-263-ge22c4ad894
 32984 | Snake:1  | Bought a ring of see invisible for 210 gold pieces
 33588 | Elf:1    | Identified the +2 long sword of Painful Death {antimagic,
                  | rElec Int+4}
 34267 | Elf:1    | Noticed a Tzitzimitl
 34437 | Elf:1    | Noticed an Ice Fiend
 34736 | Elf:1    | Noticed a Tzitzimitl
 35068 | Elf:1    | Noticed a Brimstone Fiend
 35077 | Elf:1    | Found a runed translucent gate.
 35077 | Elf:1    | Found a runed translucent gate.
 35077 | Elf:1    | Found a runed translucent gate.
 35077 | Elf:1    | Found a runed translucent gate.
 35077 | Elf:1    | Found a runed translucent gate.
 35089 | Elf:1    | Found a runed translucent gate.
 35383 | Elf:2    | Paralysed by an air elemental for 1 turns
 35385 | Elf:2    | Found Sioh's Jewellery Shoppe.
 35882 | Elf:2    | Reached skill level 12 in Maces & Flails
 35896 | Elf:2    | Identified the +7 dire flail of Fowios {pain, rPois Str+2}
 36046 | Elf:2    | Found a runed translucent gate.
 36047 | Elf:2    | Found a runed translucent gate.
 36047 | Elf:2    | Found a runed translucent gate.
 36090 | Elf:2    | Found an ancient bone altar of Kikubaaqudgha.
 36176 | Elf:2    | Noticed a deep elf blademaster
 36204 | Elf:3    | Entered Level 3 of the Elven Halls
 36466 | Elf:3    | Found Wuifuod's General Store.
 37301 | Snake:4  | Identified the +1 helmet of the Dice {rPois Int+2}
 37493 | Snake:4  | Reached XP level 19. HP: 171/217 MP: 13/19
 37683 | Snake:4  | Reached skill level 13 in Maces & Flails
 37688 | Snake:4  | Identified the +8 glaive of the Hierophant {drain, rN+
                  | Int+4}
 38125 | Snake:4  | Identified the +6 mace of the Median {vorpal, Str+4 Int+3}
 38399 | Snake:4  | Reached skill level 14 in Maces & Flails
 38963 | Snake:4  | Got a serpentine rune of Zot
 40174 | Swamp:4  | Reached skill level 15 in Maces & Flails
 40724 | Swamp:4  | Got a decaying rune of Zot
 41197 | Vaults:1 | Entered Level 1 of the Vaults
 41492 | Vaults:1 | Reached skill level 16 in Maces & Flails
 41897 | Vaults:1 | Reached XP level 20. HP: 164/226 MP: 13/20
 42187 | Vaults:1 | Noticed Zenata
 43003 | D:8      | Killed Darkkill's ghost
 43252 | Depths:1 | Entered Level 1 of the Depths
 43263 | Depths:1 | Found Coragi's Distillery.
 43276 | Depths:1 | Found Kamuaffo's Antique Weapon Emporium.
 43278 | Depths:1 | Found Acoedghy's Assorted Antiques.
 43282 | Depths:1 | Bought a potion of heal wounds for 65 gold pieces
 43282 | Depths:1 | Bought a potion of curing for 39 gold pieces
 43282 | Depths:1 | Bought a potion of curing for 39 gold pieces
 43282 | Depths:1 | Bought a potion of heal wounds for 65 gold pieces
 43282 | Depths:1 | Bought a potion of magic for 104 gold pieces
 43286 | Depths:1 | Bought a scroll of teleportation for 87 gold pieces
 43286 | Depths:1 | Bought a potion of ambrosia for 232 gold pieces
 43678 | Depths:1 | Noticed a caustic shrike
 43696 | Depths:1 | Killed a caustic shrike
 43715 | Depths:1 | Identified the +11 spear "Dymado Liost" {flame, rElec
                  | Will+}
 43729 | Depths:1 | Reached skill level 17 in Maces & Flails
 43812 | Depths:1 | Noticed Saint Roka
 43837 | Depths:1 | Killed Saint Roka
 43947 | Depths:1 | Got the Grimoire of Incendiary Lightning
 44088 | Depths:1 | Found a gateway to Hell.
 44704 | Depths:1 | Identified the +6 leather armour "Roklimor" {rC+ rCorr
                  | Dex-4}
 45789 | Depths:2 | Reached skill level 18 in Maces & Flails
 45799 | Depths:2 | Noticed a caustic shrike
 45811 | Depths:2 | Killed a caustic shrike
 45924 | Depths:2 | Found a one-way gate leading to the halls of Pandemonium.
 45977 | Depths:2 | Found a one-way gateway to a ziggurat.
 46016 | Depths:2 | Identified the ring "Kisyptef" {Wiz rC+}
 46677 | Depths:2 | Found a one-way gate to the infinite horrors of the Abyss.
 46825 | Depths:2 | Noticed a golden dragon
 46826 | Depths:2 | Killed a golden dragon
 46842 | Depths:2 | Noticed a juggernaut
 46861 | Depths:2 | Killed a juggernaut
 46965 | Depths:2 | Reached skill level 19 in Maces & Flails
 47127 | Depths:2 | Noticed a golden dragon
 47140 | Depths:2 | HP: 11/226 [golden dragon/bolt of fire (36)]
 48206 | Vaults:2 | Found a staircase to the Crypt.
 48393 | Vaults:2 | Reached XP level 21. HP: 234/234 MP: 16/21
 48728 | Vaults:2 | Reached skill level 20 in Maces & Flails
 49555 | Vaults:2 | Found a portal to a secret trove of treasure.
 49954 | Crypt:1  | Entered Level 1 of the Crypt
 50508 | Crypt:1  | Reached skill level 21 in Maces & Flails
 51180 | Crypt:1  | Found a runed door.
 51451 | Crypt:1  | Noticed Boris
 51460 | Crypt:1  | Killed Boris
 52500 | Crypt:2  | Reached skill level 22 in Maces & Flails
 52500 | Crypt:2  | Reached XP level 22. HP: 231/244 MP: 19/22
 52575 | Crypt:2  | Reached skill level 1 in Spellcasting
 52938 | Crypt:2  | Acquired a +3 spectral giant spiked club
 53448 | Crypt:3  | Entered Level 3 of the Crypt
 53448 | Crypt:3  | Noticed Boris
 53456 | Crypt:3  | Killed Boris
 53523 | Crypt:3  | Noticed Jory
 53530 | Crypt:3  | Killed Jory
 53678 | Crypt:3  | Noticed Vv
 54301 | Depths:2 | Killed a golden dragon
 54998 | Depths:2 | HP: 10/247 [frost giant/bolt of cold (56)]
 54999 | Depths:2 | Killed from afar by a fire giant

Illustrated notes

Levels and vault maps discovered:
D:1:      minmay_arrival_solitary_statue, layout_basic
D:2:      layout_loops_ring, serial_shops, nicolae_shop_statue_plus
D:3:      layout_loops_ring, overflow_temple_1_default,
          nicolae_wu_jian_wuxing_cycle, portal_sewer_entry_d
D:4:      minmay_angry_zag, layout_rooms, minmay_tree_intersection, uniq_sigmund
D:5:      layout_rooms, zin_treasury, lemuel_coloured_pillars_altar,
          mainiacjoe_overflow_boulevard
D:6:      layout_loops_cross, xom_confusion_cloud, serial_shops,
          nicolae_shop_statue_plus
D:7:      layout_loops_ring, mainiacjoe_overflow_catwalk,
          minmay_temple_entry_tees, dreamdust_princess_bridge,
          minmay_shop_mayhem
D:8:      layout_rooms, makhleb_grotto_becter, mainiacjoe_overflow_brackets,
          lemuel_tele_altar, kennysheep_mini, general_overflow_altar,
          gammafunk_ghost_berserking_beasts
D:9:      layout_irregular_city
D:10:     layout_loops_ring, lemuel_zombie_altar_yredelemnul,
          minmay_crystal_water, uniq_lodul, uniq_fannar
D:11:     layout_roguey, lair_entry_dummy, serial_park_tiny_2,
          grunt_gozag_statues
D:12:     layout_basic, hiddenorc2_lemuel
D:13:     layout_irregular_city
D:14:     layout_basic, grunt_vaults_entry_fortified,
          maelrawn_ghost_gauntlet_escape, portal_ice_cave_entry_horrid_things
D:15:     hangedman_depths_entry_try_elsewhere_first, layout_stronghold,
          fedhas_altar_fruit_tree, einodemon_crawler_minivault
Lair:1:   layout_gridlike
Lair:2:   layout_regular_city, swamp_mist_pool,
          minmay_snake_entry_guardpost_medium, basic_altar, grunt_megastairs_5,
          infiniplex_staircase_pool_2
Lair:3:   layout_long_grid
Lair:4:   layout_roguey, basic_altar
Lair:5:   grunt_lair_end_beastmaster, layout_hall_layers, slime_entry_2,
          chequers_serial_rivers_small_a
Swamp:1:  layout_falls_marsh, gammafunk_ghost_mausoleum,
          evilmike_swamp_ruin_house_2
Swamp:2:  layout_basic_swamp, evilmike_swamp_ruin_rubble_1
Swamp:3:  nicolae_swamp_ascending_descending_big, layout_basic_swamp,
          gammafunk_ghost_arena, nicolae_swamp_treefoil
Swamp:4:  swamp_alternative, layout_basic_swamp, swamp_pool2
Snake:1:  layout_honeycomb, serial_shops, shop, basic_altar,
          nicolae_snake_gridmaze_entwining, nicolae_snake_storage_room,
          serial_bayou_shore_b, minmay_shop_grove
Snake:2:  layout_concentric_octagons, grunt_ministairs_10, uniq_aizul
Snake:3:  layout_layer_cave, gammafunk_ghost_wrathful_warriors
Snake:4:  johnstein_snake_rune_scales, layout_cave_town
Orc:1:    layout_caves, uniq_erica, uniq_sonja
Orc:2:    st_orc_town, layout_diamond_mine
Elf:1:    elf_arrival_001, layout_gridlike, orc_legates
Elf:2:    nicolae_elf_blades_crystal_corner, layout_rooms, basic_altar,
          serial_shops, shop
Elf:3:    minmay_elf_hall_curves, layout_geoelf_octagon,
          nicolae_elf_glass_and_crystal_pillar_1, nicolae_wooded_promenade
Vaults:1: v_pattern_3, ontoclasm_vaults_gateway, grunt_vaults_focal,
          vaults_mumra_hexcomb, vaults_mumra_minichess, v_rooms_3,
          v_alt_pattern_4, dpeg_vaults_monster_row, nicolae_vaults_alarming,
          nicolae_vaults_angled_halls, vaults_dpeg_emergency_exit,
          vaults_room_guarded_vault, ontoclasm_vaults_ring_small,
          layout_vaults_omnicross, uniq_zenata
Vaults:2: vaults_room_door_ring, nicolae_vaults_network_quinsquares
          [nicolae_vaults_network_quincunx_subvault,
          nicolae_vaults_network_quincunx_subvault,
          nicolae_vaults_network_quincunx_subvault,
          nicolae_vaults_network_quincunx_subvault], vaults_dpeg_diagonal,
          ontoclasm_vaults_spin, vaults_room_corners,
          ontoclasm_vaults_loading_screen, nicolae_vaults_little_squares_6,
          v_alt_pattern_4, vaults_dpeg_encased_lava,
          minmay_crypt_entry_simple_corners, dpeg_vaults_hating_casters,
          vaults_dpeg_spiral, nicolae_vaults_network_star, layout_vaults_maze,
          enter_trove_1
Crypt:1:  evilmike_wizard_prison, layout_misc_corridors, grunt_ministairs_15,
          lemuel_nasty_fountain, grunt_megastairs_3, grunt_crypt_arrival_split,
          uniq_boris
Crypt:2:  layout_misc_corridors
Crypt:3:  church_of_pain_bobbens, layout_chaotic_city,
          tomb_entry_forgotten_bobbens, lemuel_nasty_fountain, uniq_vv,
          uniq_jory
Depths:1: layout_roguey, hell_entry, minmay_the_grid_2x2
          [minmay_the_grid_dragon_b, minmay_the_grid_gridbox,
          minmay_the_grid_spin_star, minmay_the_grid_prize_big_room],
          minmay_shop_star, uniq_saint_roka
Depths:2: hangedman_box_tower, layout_basic, ziggurat_fallback,
          pf_dread_powers_of_hell, rand_demon_pan_entry_5, abyss_entry_crystal,
          drop_trap, serial_bayou_crossing

Skill      XL: |  1  2  3  4  5  6  7  8  9 10 11 12 13 14 15 16 17 18 19 20 21 22 |
---------------+-------------------------------------------------------------------+-----
Fighting       | 3 4 5 6 8 9 10 12 14 15 16 17 18 19 | 19.8
Maces & Flails | 3 6 9 10 11 12 16 19 22 | 22.1
Dodging        | 3 4 6 7 8 9 |  9.5
Staves         | 1 2 3 4 6 8 9 11 12 13 14 | 14.0
Throwing       | 3 4 5 6 7 8 9 10 12 13 14 15 16 17 | 17.1
Armour         | 3 5 6 7 8 10 11 12 13 | 13.8
Spellcasting   | 2 |  2.9

Action                   |  1- 3 |  4- 6 |  7- 9 | 10-12 | 13-15 | 16-18 | 19-21 | 22-24 || total
-------------------------+-------+-------+-------+-------+-------+-------+-------+-------++-------
Melee: Flail             |    84 |       |       |       |       |       |       |       ||    84
       Lajatang          |    24 |    70 |   257 |   503 |  1122 |  1293 |  1055 |       ||  4324
       Giant spiked club |       |       |       |       |     3 |    22 |   649 |   255 ||   929
Throw: Throwing net      |     2 |     3 |     2 |       |       |       |       |       ||     7
       Stone             |       |       |       |     9 |       |       |       |       ||     9
       Large rock        |       |       |       |     5 |     1 |    40 |    26 |     1 ||    73
       Dart              |       |       |       |     2 |     2 |       |       |       ||     4
Invok: Lunge             |       |     2 |    30 |    43 |    73 |   110 |   111 |    19 ||   388
       Whirlwind         |       |       |     2 |    11 |    18 |    22 |    41 |     2 ||    96
       Heavenly Storm    |       |       |       |       |     1 |     1 |       |       ||     2
       Serpent's Lash    |       |       |       |       |       |     1 |       |       ||     1
  Use: Scroll            |     3 |     6 |     6 |    10 |    15 |     8 |    18 |     4 ||    70
       Potion            |       |       |     2 |     6 |     6 |     3 |     4 |       ||    21
 Stab: Held in net/web   |       |     1 |       |       |       |       |       |       ||     1
       Confused          |       |       |     1 |       |       |       |     2 |       ||     3
       Invisible         |       |       |       |       |     1 |       |       |       ||     1
       Distracted        |       |       |       |       |       |       |     1 |     2 ||     3
       Paralysed         |       |       |       |       |       |       |     1 |       ||     1
Armor: Robe              |    38 |    16 |     4 |       |       |       |       |       ||    58
       Pearl dragon scal |       |       |   123 |   212 |   546 |   778 |   994 |   127 ||  2780
Dodge: Dodged            |    60 |    14 |    88 |   160 |   364 |   612 |   666 |    58 ||  2022
       Repelled          |       |       |       |     3 |     7 |    44 |    20 |       ||    74

Table legend: (Time is in decaauts)
 A = Elapsed time spent in this place.
 B = Non-inter-level travel time spent in this place.
 C = Inter-level travel time spent in this place.
 D = Time resting spent in this place.
 E = Time spent auto-exploring this place.
 F = Levels seen in this place.
 G = Mean time per level.
                   A        B        C        D        E       F      G
               +--------+--------+--------+--------+--------+-----+--------+
         Total |  54206 |  49579 |   4627 |  10149 |  29499 |  42 | 1290.6 |
       Dungeon |  16262 |  14311 |   1951 |   1765 |   9806 |  15 | 1084.1 |
          Lair |   5351 |   4904 |    447 |    258 |   3838 |   5 | 1070.2 |
         Swamp |   4872 |   4404 |    468 |    857 |   2645 |   4 | 1218.0 |
     Snake Pit |   7440 |   6959 |    481 |   1155 |   4496 |   4 | 1860.0 |
  Orcish Mines |   2755 |   2280 |    475 |    536 |   1343 |   2 | 1377.5 |
   Elven Halls |   3291 |   3123 |    168 |    551 |   1707 |   3 | 1097.0 |
        Vaults |   3267 |   3014 |    253 |   1467 |   1003 |   2 | 1633.5 |
         Crypt |   3938 |   3772 |    166 |   1134 |   1908 |   3 | 1312.7 |
        Depths |   5077 |   4863 |    214 |   1506 |   2323 |   2 | 2538.5 |
         Sewer |    185 |    185 |      0 |      0 |    134 |   1 |  185.0 |
      Ice Cave |   1764 |   1764 |      0 |    918 |    295 |   1 | 1764.0 |
               +--------+--------+--------+--------+--------+-----+--------+

Top non-repeatable levels by time:
Depths:2: 2922 daAuts
 Crypt:1: 2309 daAuts
   Orc:2: 2304 daAuts
 Snake:1: 2269 daAuts
    D:14: 2163 daAuts
Depths:1: 2154 daAuts
   Elf:1: 2139 daAuts
 Snake:4: 1922 daAuts
    D:12: 1904 daAuts
   IceCv: 1764 daAuts
Vaults:1: 1727 daAuts
 Snake:2: 1696 daAuts
 Swamp:3: 1617 daAuts
 Snake:3: 1552 daAuts
Vaults:2: 1540 daAuts
